 Dungeon Crawl Stone Soup version 0.28-a0-1080-g05a166d0ed (webtiles) character file.

Game seed: 16362023411177313850

176 yoda5477 the Chopper (level 5, -6/41 HPs)
             Began as a Demonspawn Fighter on Dec 9, 2021.
             Succumbed to Terence's poison
             ... on level 3 of the Dungeon.
             The game lasted 00:08:47 (2896 turns).

yoda5477 the Chopper (Demonspawn Fighter)           Turns: 2896, Time: 00:08:48

Health: -6/41      AC:  8    Str: 18    XL:     5   Next: 30%
Magic:  3/5        EV:  9    Int: 10    God:
Gold:   62         SH:  4    Dex: 12    Spells: 4/4 levels left

rFire   + . .      SeeInvis .   a - +0 war axe
rCold   + . .      Faith    .   c - +0 buckler
rNeg    . . .      Spirit   +   b - +0 scale mail
rPois   .          Reflect  .   p - +1 helmet
rElec   .          Harm     .   q - scarf {rC+ rF+}
rCorr   +          Rampage  .   (no gloves)
Will    .....                   (no boots)
Stlth   ..........              (no amulet)
HPRegen 0.13/turn               f - ring of resist corrosion
MPRegen 0.18/turn               e - ring of wizardry

@: lethally poisoned (-6 -> -28)
A: magic shield, magic regeneration
a: no special abilities


You were on level 3 of the Dungeon.
You visited 1 branch of the dungeon, and saw 4 of its levels.

You collected 62 gold pieces.

Inventory:

Hand Weapons
 a - a +0 war axe (weapon)
Missiles
 i - 30 stones (quivered)
Armour
 b - a +0 scale mail (worn)
 c - a +0 buckler (worn)
 l - a +2 tower shield
 p - a +1 helmet (worn)
 q - a scarf of resistance (worn)
Jewellery
 e - a ring of wizardry (right hand)
 f - a ring of resist corrosion (left hand)
Scrolls
 g - a scroll of fog {unknown}
 h - 2 scrolls of teleportation {unknown}
 m - a scroll of torment {unknown}
 n - a scroll of blinking {unknown}
Potions
 d - a potion of might
 j - a potion of haste {unknown}
 k - a potion of degeneration {unknown}
 o - a potion of cancellation {unknown}


   Skills:
 - Level 3.0 Fighting
 * Level 4.9 Axes
 - Level 2.6 Armour
 + Level 3.0 Shields


You had 4 spell levels left.
You didn't know any spells.
Your spell library was empty.

Dungeon Overview and Level Annotations

Branches:
Dungeon (4/15)
 Temple: D:4-7

Altars:

Annotations:
D:2 1 runed translucent door, exclusion: door, Crazy Yiuf
D:3 exclusion: upstairs, Terence


Innate Abilities, Weirdness & Mutations

When hurt, damage is shared between your health and your magic reserves.
You regenerate magic rapidly.


Message History

Terence is nearby!
Terence shouts!
A worm comes into view.
The worm closely misses you.
You see here a hobgoblin corpse.
You slash the worm!
The worm is severely wounded.
You hit the worm.
The worm is almost dead.
The worm bites you but does no damage.
You slash the worm!
You kill the worm!
You see here a worm corpse.
Terence hits you with a +1 trident of venom.
You are poisoned.
You see here a hobgoblin corpse.
You hit Terence but do no damage.
You feel very sick.
Terence hits you with a +1 trident of venom!
You are more poisoned.
You hit Terence.
Terence is lightly wounded.
You feel very sick. You block Terence's attack.
Terence hits you with a +1 trident of venom.
You are lethally poisoned!
You closely miss Terence.
Terence is lightly wounded.
You feel extremely sick.
Terence hits you with a +1 trident of venom.
* * * LOW HITPOINT WARNING * * *
You are more poisoned.
You slash Terence!
Terence is severely wounded.
* * * LOW HITPOINT WARNING * * *
You feel extremely sick. You block Terence's attack.
You hit Terence.
Terence is almost dead.
You die...

......###.......##...###
.........@......##.....##
.......########......#..#.
......## #............
...w..# #..#)........
....... #....##......
##....# ..... ##
##@#........ ..
#@###...... #.##†# ......
#....###...... #########
####..........
##...#..)###..÷..........
##....>.......##.....8..8#
#...........####.#>..8..8≈
#..≈≈≈≈..............≈..≈≈
#.†≈≈≈≈≈≈.........≈≈≈≈..≈≈


You could see Terence.

Vanquished Creatures
  A black bear (D:3)
  Robin (D:1)
  A gnoll (D:2)
  An adder (D:2)
  An adder skeleton (D:2)
  2 worms (D:3)
  4 endoplasms
  A giant cockroach (D:1)
  3 goblins
  6 hobgoblins
  5 quokkas
  6 ball pythons
  A bat (D:2)
  4 frilled lizards
  9 kobolds
  4 rats (D:1)
50 creatures vanquished.

Notes
Turn   | Place    | Note
-------+----------+-------------------------------------------
     0 | D:1      | yoda5477 the Demonspawn Fighter began the quest for the
                  | Orb.
     0 | D:1      | Reached XP level 1. HP: 18/18 MP: 1/1
   168 | D:1      | Reached skill level 2 in Axes
   701 | D:1      | Found a faded altar of an unknown god.
   718 | D:1      | Gained mutation: You regenerate magic rapidly. [demonic
                  | ancestry]
   718 | D:1      | Reached XP level 2. HP: 23/24 MP: 2/2
  1451 | D:3      | Noticed Terence
  1475 | D:2      | Reached skill level 3 in Axes
  1625 | D:2      | Found a runed translucent door.
  1626 | D:2      | Noticed Crazy Yiuf
  1662 | D:2      | Reached XP level 3. HP: 29/29 MP: 3/3
  1900 | D:2      | Noticed Robin
  2188 | D:1      | Killed Robin
  2189 | D:1      | Reached XP level 4. HP: 18/35 MP: 4/4
  2495 | D:4      | Noticed a black bear
  2578 | D:4      | Noticed a black bear
  2637 | D:3      | Killed a black bear
  2638 | D:3      | Reached skill level 4 in Axes
  2638 | D:3      | Gained mutation: When hurt, damage is shared between your
                  | health and your magic reserves. [demonic ancestry]
  2638 | D:3      | Reached XP level 5. HP: 22/41 MP: 5/5
  2895 | D:3      | HP: 1/41 [poisoned by Terence]
  2896 | D:3      | Succumbed to Terence's poison

Illustrated notes

Levels and vault maps discovered:
D:1:      dpeg_arrival_chambers_temple_mockup, layout_basic,
          shapermc_ecumenical_altar_starsandcircs
D:2:      layout_basic, minmay_octomino_c4, uniq_crazy_yiuf_cottage, uniq_robin
D:3:      wander_river, layout_rooms, uniq_terence
D:4:      layout_cave_pools, uniq_grinder, uniq_natasha

Skill      XL: |  1  2  3  4 |
---------------+-------------+-----
Axes           | 2 3 4 |  4.9
Shields        | 3 |  3.0
Fighting       | |  3.0
Armour         | |  2.6

Action                   |  1- 3 |  4- 6 || total
-------------------------+-------+-------++-------
Melee: War axe           |   121 |    42 ||   163
Armor: Scale mail        |    51 |    22 ||    73
Dodge: Dodged            |    60 |    23 ||    83
Block: Buckler           |    37 |    14 ||    51

Table legend: (Time is in decaauts)
 A = Elapsed time spent in this place.
 B = Non-inter-level travel time spent in this place.
 C = Inter-level travel time spent in this place.
 D = Time resting spent in this place.
 E = Time spent auto-exploring this place.
 F = Levels seen in this place.
 G = Mean time per level.
                   A        B        C        D        E       F      G
               +--------+--------+--------+--------+--------+-----+--------+
         Total |   2964 |   2804 |    160 |    808 |   1219 |   4 |  741.0 |
       Dungeon |   2964 |   2804 |    160 |    808 |   1219 |   4 |  741.0 |
               +--------+--------+--------+--------+--------+-----+--------+

Top non-repeatable levels by time:
     D:1: 2129 daAuts
     D:2: 459 daAuts
     D:3: 372 daAuts
     D:4: 4 daAuts
